AoeStats
← Th3 Sh00ter

Black Forest

503285341Analyzed
4v4 RM · 1mo ago on Aug 31, 2026· 47m 2s· 8 players
Game mode
Random Map
Map size
Large (8 player)
Population
200
Speed
Normal
Resources
Standard
Victory
Conquest
Starting age
Dark Age
Ending age
Imperial Age
RankedLock teamsTeams togetherTeam positionsShared explorationLock speedFull tech treeHidden civsTurbo modeCheats
Victory
Defeat
🇧🇷 Poles · Brazil
1226
+10
🇧🇷 Malay · Brazil
1175
+12
🇸🇮 Hindustanis · Slovenia
1149
+13
🇺🇿 Persians · Uzbekistan
1096
+16
🇺🇸 Khmer · United States
1149
-15
🇺🇸 Malians · United States
1084
-13
🇺🇸 Mongols · United States
1080
-12
🇺🇸 Persians · United States
1044
-11
m00n
11:06 Feudal Age
15:47 Castle Age
14:36 Horse Collar
15:17 Double-Bit Axe
16:09 Wheelbarrow
24:45 Bloodlines
24:35 Husbandry
26:04 Bow Saw
25:57 Heavy Plow
27:34 Hand Cart
31:19 Loom
32:40 Stone Mining
32:44 Gold Mining
35:53 Imperial Age
33:08 Town Watch
34:35 Scale Barding Armor
34:41 Forging
34:32 Scale Mail Armor
34:33 Padded Archer Armor
35:47 Gold Shaft Mining
35:57 Heavy Camel Rider
36:46 Siege Engineers
37:24 Stone Shaft Mining
38:37 Chemistry
38:05 Chain Barding Armor
38:21 Iron Casting
38:04 Onager
39:13 Grand Trunk Road
41:27 Imperial Camel Rider
42:27 Shatagni
42:48 Conscription
43:28 Light Cavalry
45:55 Chain Mail Armor
45:56 Leather Archer Armor
46:17 Plate Barding Armor
46:44 Blast Furnace
45:54 Hussar
Dougras
10:28 Feudal Age
10:56 Double-Bit Axe
12:44 Bloodlines
16:04 Scale Barding Armor
16:09 Forging
18:49 Horse Collar
19:49 Wheelbarrow
22:11 Castle Age
20:43 Loom
20:44 Town Watch
24:05 Husbandry
23:26 Light Cavalry
24:29 Chain Barding Armor
24:21 Forging
24:58 Pikeman
25:39 Squires
25:42 Scale Mail Armor
28:41 Bow Saw
29:28 Heavy Plow
29:47 Chain Mail Armor
29:44 Stone Mining
33:30 Szlachta Privileges
37:12 Iron Casting
37:03 Gold Mining
37:48 Stone Shaft Mining
37:03 Gold Mining
37:49 Stone Shaft Mining
37:36 Hand Cart
41:57 Imperial Age
42:33 Cavalier
42:34 Winged Hussar
42:46 Cavalier
42:47 Winged Hussar
44:30 Blast Furnace
44:01 Plate Mail Armor
44:28 Crop Rotation
45:17 Conscription
45:19 Lechitic Legacy
46:24 Fletching
46:34 Padded Archer Armor
sroj0
13:25 Loom
15:55 Feudal Age
16:20 Double-Bit Axe
19:07 Horse Collar
20:12 Gold Mining
20:18 Stone Mining
24:50 Bloodlines
27:31 Castle Age
27:58 Husbandry
28:26 Heavy Plow
28:41 Bow Saw
31:28 Wheelbarrow
31:34 Gold Shaft Mining
33:58 Forging
33:54 Scale Barding Armor
40:11 Iron Casting
39:57 Chain Barding Armor
Alex_AoE
8:37 Loom
10:41 Feudal Age
10:43 Double-Bit Axe
10:51 Arson
13:37 Man-at-Arms
17:05 Forging
20:16 Fishing Lines
22:54 Castle Age
21:44 Gold Mining
23:03 Wheelbarrow
22:42 Squires
22:03 Long Swordsman
23:55 Pikeman
29:46 Fletching
30:04 Gillnets
32:49 Iron Casting
33:27 Bodkin Arrow
43:13 Padded Archer Armor
46:00 Imperial Age
43:16 Town Watch
45:00 Horse Collar
45:31 Bow Saw
45:57 Gold Shaft Mining
45:13 Stone Mining
45:59 Bracer
45:38 Capped Ram
Chiman00
5:58 Loom
11:14 Feudal Age
19:06 Castle Age
18:52 Bloodlines
22:39 Husbandry
23:05 Gold Mining
23:36 Scale Barding Armor
29:53 Double-Bit Axe
29:57 Horse Collar
32:06 Light Cavalry
34:00 Heavy Plow
34:13 Bow Saw
34:55 Pikeman
39:48 Imperial Age
38:54 Wheelbarrow
39:08 Squires
43:28 Conscription
42:32 Hussar
raleighhokie
0:58 Loom
12:04 Feudal Age
16:33 Castle Age
20:03 Crossbowman
20:36 Fletching
22:37 Double-Bit Axe
24:25 Wheelbarrow
24:26 Bodkin Arrow
24:33 Scale Mail Armor
28:51 Padded Archer Armor
30:37 Bow Saw
37:08 Horse Collar
39:36 Heavy Plow
43:13 Pikeman
43:55 Squires
Th3 Sh00ter
11:00 Feudal Age
9:20 Loom
15:11 Castle Age
13:25 Double-Bit Axe
13:29 Horse Collar
21:25 Husbandry
23:39 Bloodlines
25:40 Scale Barding Armor
28:45 Wheelbarrow
29:11 Heavy Plow
32:52 Hand Cart
33:06 Town Watch
35:14 Pikeman
35:56 Squires
38:30 Imperial Age
37:18 Kamandaran
37:35 Town Patrol
38:49 Chain Barding Armor
38:50 Bow Saw
39:11 Scale Mail Armor
39:23 Forging
39:06 Fletching
40:18 Halberdier
44:28 Iron Casting
46:34 Conscription
Storme
1:11 Loom
13:13 Feudal Age
14:31 Wheelbarrow
17:04 Castle Age
15:18 Double-Bit Axe
15:17 Horse Collar
27:40 Heavy Plow
28:32 Bow Saw
33:44 Imperial Age
31:30 Hand Cart
30:44 Pikeman
34:56 Double Crossbow
35:16 Conscription
35:17 Scale Mail Armor
35:30 Forging
34:57 Halberdier
36:48 Chain Mail Armor
38:08 Iron Casting
37:44 Gold Mining
37:45 Stone Mining
39:42 Heavy Scorpion
42:42 Blast Furnace
Connection lost

Rejoining the realm…

Still unreachable

The connection could not be restored.

Session expired

The server has moved on; the page needs a fresh start.